 Dungeon Crawl Stone Soup version 0.16-a0-623-g20b2139 (webtiles) character file.

16 PolkaDot the Caller (level 2, -8/19 HPs)
             Began as a Vampire Summoner on Sept 18, 2014.
             Mangled by a hobgoblin
             ... wielding a +1 mace of protection
              (9 damage)
             ... on Level 1 of the Dungeon.
             The game lasted 00:02:56 (699 turns).

PolkaDot the Caller (Vampire Summoner)               Turns: 699, Time: 00:02:57

HP  -8/19        AC  2     Str  7      XL: 2   Next: 37%
MP   1/4         EV 12     Int 17      God:
Gold 64          SH  0     Dex 14      Spells:  1 memorised,  4 levels left

rFire  . . .     SeeInvis +     e - +0 club
rCold  . . .     Clarity  .     a - +0 robe
rNeg   . . .     rCorr    .     (no shield)
rPois  .         rRot     .     (no helmet)
rElec  .         Spirit   .     (no cloak)
SustAb .         Warding  .     (no gloves)
rMut   .         Stasis   .     (no boots)
Gourm  .                        (no amulet)
MR     .....                    (no ring)
                                (no ring)

@: regenerating quickly, not resistant to hostile enchantments, unstealthy
A: fangs 3, see invisible, unbreathing
a: no special abilities


You were on level 1 of the Dungeon.
You were full.

You visited 1 branch of the dungeon, and saw 1 of its levels.

You collected 64 gold pieces.

Inventory:

Hand weapons
 e - a +0 club (weapon)
Armour
 a - a +0 robe (worn)
Scrolls
 f - a scroll of blinking {unknown}
 h - 3 scrolls of remove curse {unknown}
 j - 2 scrolls of teleportation {unknown}
Potions
 c - a potion of blood {@*1}
 d - 2 potions of curing {unknown}
 g - a potion of magic {unknown}
 i - 2 potions of heal wounds {unknown}
 k - a potion of resistance {unknown}
Books
 b - a book of Callings

   Spells                             Type                      Level
   *Summon Small Mammal               Summoning                    1
   Call Imp                           Summoning                    2
   Call Canine Familiar               Summoning                    3
   Summon Guardian Golem              Hexes/Summoning              4
   Summon Lightning Spire             Summoning/Air                4
   Summon Ice Beast                   Ice/Summoning                4


   Skills:
 - Level 2.1 Dodging
 - Level 3.0 Stealth
 - Level 2.0 Spellcasting
 * Level 4.6 Summonings


You had 4 spell levels left.
You knew the following spells:

 Your Spells              Type           Power        Failure   Level  Hunger
a - Summon Small Mammal   Summ           ###.         2%          1    #......


Dungeon Overview and Level Annotations

Branches:
Dungeon (1/15)

Altars:


Innate Abilities, Weirdness & Mutations

Your natural rate of healing is unusually fast.
You have razor-sharp teeth.
You have supernaturally acute eyesight.
You can survive without breathing.


Message History

Your quokka's corpse disappears in a puff of smoke!
Your rat completely misses the hobgoblin.
Your rat bites the hobgoblin but does no damage.
You catch the helpless hobgoblin momentarily off-guard.
You hit the hobgoblin but do no damage.
The hobgoblin is heavily wounded.
Your quokka bites the hobgoblin.
The hobgoblin barely misses you.
Your rat bites the hobgoblin but does no damage. x2
Your quokka barely misses the hobgoblin.
The hobgoblin hits you with a glowing mace.
* * * LOW HITPOINT WARNING * * *
You hit the hobgoblin but do no damage. Your bite misses the hobgoblin.
The hobgoblin is severely wounded.
Your rat bites the hobgoblin but does no damage.
Your rat closely misses the hobgoblin.
Your quokka bites the hobgoblin but does no damage.
Your rat bites the hobgoblin but does no damage.
Your rat barely misses the hobgoblin.
The hobgoblin hits you with a glowing mace!
You die...

.... .....#.....
...................##
.....$...# #######..#
........>.# #..#
.....>.....# #..#
...........# #..#
..........# #.##
........gr###########.#
.......r@r............#
....###################


You could see a hobgoblin, a friendly quokka and 2 friendly rats.

Vanquished Creatures
  A giant gecko (D:1)
  A giant cockroach (D:1)
  A hobgoblin (D:1)
  A jackal (D:1)
  2 goblins (D:1)
6 creatures vanquished.

Vanquished Creatures (collateral kills)
  A worm (D:1)
  2 goblins (D:1)
  3 jackals (D:1)
  A giant cockroach (D:1)
7 creatures vanquished.

Vanquished Creatures (others)
  2 quokkas (D:1)
  5 bats (D:1)
7 creatures vanquished.

Grand Total: 20 creatures vanquished

Notes
Turn   | Place    | Note
--------------------------------------------------------------
     0 | D:1      | PolkaDot, the Vampire Summoner, began the quest for the Orb.
     0 | D:1      | Reached XP level 1. HP: 13/13 MP: 3/3
   238 | D:1      | Reached XP level 2. HP: 2/19 MP: 1/4
   699 | D:1      | Mangled by a hobgoblin

Action                   || total
-------------------------++-------
Melee: Unarmed           ||    16
       Club              ||    35
 Cast: Summon Small Mamm ||    17
 Stab: Distracted        ||     2
       Sleeping          ||     1
  Eat: Corpse            ||     5
